 Dungeon Crawl Stone Soup version 0.21.0 (webtiles) character file.

1362 Jinx the Grave Robber (level 8, 0/62 HPs)
             Began as a Mummy Necromancer on May 19, 2018.
             Was an Initiate of Gozag.
             Slain by Prince Ribbit (11 damage)
             ... on level 6 of the Dungeon.
             The game lasted 00:22:49 (7566 turns).

Jinx the Grave Robber (Mummy Necromancer)           Turns: 7566, Time: 00:22:50

Health: 0/62       AC:  4    Str: 12    XL:     8   Next: 37%
Magic:  5/12       EV: 12    Int: 22    God:    Gozag
Gold:   360        SH:  3    Dex: 12    Spells: 8/12 levels left

rFire    x . .     SeeInvis .   j - +0 spear
rCold    + . .     Gourm    .   (no shield)
rNeg     + + +     Faith    .   s - +1 robe "Sausoat" {rElec Int+3}
rPois    ∞         Spirit   .   (no helmet)
rElec    +         Reflect  +   (no cloak)
rCorr    .         Harm     .   (no gloves)
MR       +....                  g - +0 pair of boots
Stlth    ++........             c - +3 amulet of reflection
HPRegen  0.20/turn              k - +3 ring of intelligence
MPRegen  0.13/turn              (no ring)

@: gold aura
A: no food or potions, fire vulnerability, cold resistance 1, negative energy
resistance 3, torment resistance, unbreathing
a: Potion Petition, Call Merchant, Bribe Branch, Renounce Religion


You were on level 6 of the Dungeon.
You worshipped Gozag.
Gozag was aware of your devotion.
You were not hungry.

You visited 2 branches of the dungeon, and saw 7 of its levels.

You collected 390 gold pieces.
You paid 30 gold pieces to Gozag.

Inventory:

Hand Weapons
 j - a +0 spear (weapon)
 o - a +0 bardiche
Armour
 a - a +0 robe
 g - a +0 pair of boots (worn)
 l - a +0 leather armour
 q - a +0 crystal plate armour
 s - the +1 robe "Sausoat" (worn) {rElec Int+3}
   (You found it on level 6 of the Dungeon)

   It affects your intelligence (+3).
   It insulates you from electricity.
Jewellery
 c - a +3 amulet of reflection (around neck)
 i - an uncursed amulet of guardian spirit
 k - a +3 ring of intelligence (left hand)
 t - an uncursed ring of positive energy {unknown}
Scrolls
 d - 5 scrolls of identify
 e - 2 scrolls of magic mapping {unknown}
 f - a scroll of amnesia {unknown}
 h - a scroll of immolation {unknown}
 m - 3 scrolls of remove curse
 n - 2 scrolls of teleportation
 p - a scroll of blinking {unknown}
Books
 b - a book of Necromancy

   Spells                             Type                      Level
   a - Pain                           Necromancy                   1
   b - Animate Skeleton               Necromancy                   1
   c - Vampiric Draining              Necromancy                   3
   d - Regeneration                   Charms/Necromancy            3
   e - Animate Dead                   Necromancy                   4
   f - Borgnjor's Vile Clutch         Necromancy/Earth             5
 r - a book of Misfortune

   Spells                             Type                      Level
   a - Confusing Touch                Hexes                        1
   b - Confuse                        Hexes                        3
   c - Gell's Gravitas                Translocation                3
   d - Petrify                        Transmutation/Earth          4
   e - Metabolic Englaciation         Hexes/Ice                    5
   f - Yara's Violent Unravelling     Hexes/Transmutation          5


   Skills:
 + Level 5.3 Fighting
 * Level 5.4 Polearms
 - Level 1.5 Dodging
 - Level 1.5 Stealth
 - Level 2.6 Spellcasting
 + Level 6.8 Necromancy


You had 8 spell levels left.
You knew the following spells:

 Your Spells              Type           Power        Failure   Level  Hunger
a - Pain                  Necr           ####         1%          1    N/A
b - Vampiric Draining     Necr           ####......   2%          3    N/A

Dungeon Overview and Level Annotations

Branches:
Dungeon (6/15)             Temple (1/1) D:4

Altars:
Ashenzari
Cheibriados
Dithmenos
Elyvilon
Fedhas
Gozag
Hepliaklqana
Kikubaaqudgha
Makhleb
Nemelex Xobeh
Okawaru
Qazlal
Ru
Sif Muna
Trog
Vehumet
Wu Jian
Xom
Yredelemnul
Zin
The Shining One

Annotations:
D:3 Grinder
D:5 1 runed door
D:6 Prince Ribbit


Innate Abilities, Weirdness & Mutations

You do not eat or drink.
Your flesh is vulnerable to fire.
You are immune to poison.
Your flesh is cold resistant. (rC+)
You are immune to negative energy. (rN+++)
You are immune to unholy pain and torment.
You can survive without breathing.


Message History

Press: ? - help, Shift-Dir - straight line, f/p - Prince Ribbit
Aim: Prince Ribbit (chance to defeat MR: 71%) Prince Ribbit struggles to resist.
Prince Ribbit hits you!
Casting: Pain
Confirm with . or Enter, or press ? or * to list all spells.
Aiming: Pain
Press: ? - help, Shift-Dir - straight line, f/p - Prince Ribbit
Aim: Prince Ribbit (chance to defeat MR: 71%) Prince Ribbit writhes in agony!
Prince Ribbit hits you!
* * * LOW HITPOINT WARNING * * *
Prince Ribbit closely misses you.
Casting: Pain
Confirm with . or Enter, or press ? or * to list all spells.
Aiming: Vampiric Draining
Press: ? - help, Shift-Dir - straight line, f/p - Prince Ribbit
Aim: Prince Ribbit (moderately wounded) Prince Ribbit is heavily wounded.
You feel life coursing into your body. Prince Ribbit hits you!
You die...
Your body crumbles into a pile of gold.

#......... #........#.#
.. #........#.. ...<..
.........##.##.#.#.#
##......# ..#.#.#.#
#...##.####.#.#.#.# ##
#...##.##.......... ...
#......##....##.#.# #.#
#.....F@......#.#.# #.#
#......###..#.#.#.###.#
###....# #..#.......#.#
#....≈≈#).##..#.#.#.##
....##≈≈##..#..#.#.....
#....#≈≈≈≈#..#..#...#.#.
#....#≈≈≈≈#..#..#.#.....
#... #≈≈≈≈#..#......#.##
##≈≈##..#..#.#.#.#


You could see Prince Ribbit.

Vanquished Creatures
  Edmund (D:4)
  A sky beast (D:6)
  2 ogres
  A centaur (D:5)
  A big kobold (D:6)
  A bullfrog (D:6)
  A water moccasin skeleton (D:5)
  A scorpion (D:5)
  2 vampire bats (D:4)
  A howler monkey (D:6)
  A hound (D:4)
  A centaur skeleton (D:3)
  An orc priest (D:3)
  2 orc wizards
  An iguana (D:4)
  Natasha (thrice) (D:2)
  2 worker ants
  A hound skeleton (D:5)
  Robin (D:2)
  5 adders
  3 gnolls (D:5)
  4 shadow imps
  2 dart slugs (D:1)
  5 leopard geckos
  10 orcs
  A ball python (D:1)
  12 giant cockroaches
  11 goblins
  15 hobgoblins
  14 jackals
  2 quokkas (D:3)
  13 bats
  5 frilled lizards
  A jackal skeleton (D:5)
  16 kobolds
  2 leopard gecko skeletons (D:4)
  17 rats
163 creatures vanquished.

Vanquished Creatures (others)
  The ghost of spsoon the Grave Robber, an amateur DDNe (D:4)
1 creature vanquished.

Grand Total: 164 creatures vanquished

Notes
Turn   | Place    | Note
-------+----------+-------------------------------------------
     0 | D:1      | Jinx the Mummy Necromancer began the quest for the Orb.
     0 | D:1      | Reached XP level 1. HP: 13/13 MP: 4/4
   131 | D:1      | Reached skill level 1 in Fighting
   138 | D:1      | Reached XP level 2. HP: 21/21 MP: 0/5
   503 | D:1      | Reached XP level 3. HP: 27/27 MP: 0/7
   959 | D:2      | Found a faded altar of an unknown god.
  1050 | D:2      | Found a sparkling altar of Nemelex Xobeh.
  1078 | D:2      | Reached XP level 4. HP: 23/34 MP: 2/8
  1229 | D:2      | Found a snail-covered altar of Cheibriados.
  1766 | D:2      | Reached skill level 5 in Necromancy
  1874 | D:2      | Noticed Natasha
  1883 | D:2      | Killed Natasha
  1883 | D:2      | Reached skill level 1 in Polearms
  2059 | D:2      | Reached XP level 5. HP: 40/40 MP: 9/9
  2129 | D:2      | Found a bloodstained altar of Trog.
  2165 | D:2      | Noticed Natasha
  2176 | D:2      | Killed Natasha
  2195 | D:2      | Noticed Natasha
  2245 | D:2      | Killed Natasha
  2480 | D:3      | Noticed Robin
  2493 | D:2      | Killed Robin
  2892 | D:3      | Reached XP level 6. HP: 47/47 MP: 4/10
  3363 | D:3      | Noticed Grinder
  3977 | D:4      | Killed spsoon's ghost
  4143 | D:4      | Reached XP level 7. HP: 53/53 MP: 7/11
  4277 | D:3      | Paralysed by Grinder for 3 turns
  4643 | D:4      | Found a staircase to the Ecumenical Temple.
  4756 | Temple   | Entered the Ecumenical Temple
  5001 | Temple   | Became a worshipper of Gozag Ym Sagoz the Greedy
  5097 | D:4      | Reached skill level 6 in Necromancy
  5273 | D:4      | Learned a level 3 spell: Vampiric Draining
  5518 | D:5      | Entered Level 5 of the Dungeon
  5704 | D:5      | Noticed Edmund
  5969 | D:4      | Killed Edmund
  6165 | D:5      | Found an iron altar of Okawaru.
  6462 | D:5      | Reached XP level 8. HP: 25/61 MP: 1/12
  6708 | D:5      | Found a runed door.
  7034 | D:6      | Reached skill level 5 in Fighting
  7034 | D:6      | Reached skill level 5 in Polearms
  7079 | D:6      | Got an ominously black robe
  7090 | D:6      | Identified the +1 robe "Sausoat" {rElec Int+3} (You found it on level 6 of the Dungeon)
  7561 | D:6      | Noticed Prince Ribbit
  7566 | D:6      | Slain by Prince Ribbit

Skill      XL: |  1  2  3  4  5  6  7  8 |
---------------+-------------------------+-----
Fighting       | 1 2 3 4 5 |  5.3
Necromancy     | 5 6 |  6.8
Polearms       | 1 2 3 4 5 |  5.4
Dodging        | |  1.5
Stealth        | |  1.5
Spellcasting   | |  2.6

Action                   |  1- 3 |  4- 6 |  7- 9 || total
-------------------------+-------+-------+-------++-------
Melee: Unarmed           |    32 |     7 |       ||    39
       Spear             |       |   191 |   154 ||   345
 Cast: Pain              |    74 |   115 |    96 ||   285
       Vampiric Draining |       |       |     6 ||     6
  Use: Scroll            |       |       |     4 ||     4
 Stab: Sleeping          |       |     3 |       ||     3
Armor: Robe              |     6 |    11 |    15 ||    32
       Leather armour    |       |    93 |    30 ||   123
Dodge: Dodged            |    26 |   187 |    94 ||   307
Block: Other             |     2 |    34 |    27 ||    63
       Reflection        |       |     1 |       ||     1
